 Dungeon Crawl Stone Soup version 0.18.1-2-ga659475 (webtiles) character file.

264 Implojin the Insei (level 5, -3/42 HPs)
             Began as a Mummy Monk on May 7, 2016.
             Slain by Natasha (5 damage)
             ... on level 4 of the Dungeon.
             The game lasted 00:15:31 (7187 turns).

Implojin the Insei (Mummy Monk)                     Turns: 7187, Time: 00:15:31

Health: -3/42      AC:  0    Str: 14    XL:     5   Next: 98%
Magic:  5/5        EV:  6    Int:  9    God:
Gold:   174        SH:  0    Dex: 16    Spells: 0 memorised, 4 levels left

rFire  x . .     SeeInvis .       - Unarmed
rCold  + . .     Gourm    .     (no armour)
rNeg   + + +     Faith    .     (no shield)
rPois  ∞         Spirit   .     (no helmet)
rElec  .         Dismiss  .     (no cloak)
rCorr  .         Reflect  .     (no gloves)
SustAt .         Harm     .     (no boots)
MR     .....                    (no amulet)
Stlth  ++........               (no ring)
                                c - -2 ring of evasion (curse)

@: not resistant to hostile enchantments, unstealthy
A: no food or potions, fire vulnerability, cold resistance 1, negative energy
resistance 3, torment resistance, unbreathing
a: no special abilities


You were on level 4 of the Dungeon.
You were not hungry.

You visited 1 branch of the dungeon, and saw 4 of its levels.

You collected 174 gold pieces.

Inventory:

Jewellery
 c - a cursed -2 ring of evasion (left hand)
Scrolls
 b - 3 scrolls of identify
Comestibles
 a - 2 meat rations (quivered)
 f - a bread ration


   Skills:
 - Level 4.1 Fighting
 * Level 3.3 Dodging
 - Level 1.5 Stealth
 - Level 5.0 Unarmed Combat


You had 4 spell levels left.
You didn't know any spells.

Dungeon Overview and Level Annotations

Branches:
Dungeon (4/15)
 Temple: D:4-7

Altars:
Nemelex Xobeh
Qazlal
Vehumet

Annotations:
D:1 exclusion: 2 downstairs
D:3 exclusion: upstairs
D:4 1 exclusion, Natasha


Innate Abilities, Weirdness & Mutations

You do not eat or drink.
Your flesh is vulnerable to fire.
You are immune to poison.
Your flesh is cold resistant.
You are immune to negative energy.
You are immune to unholy pain and torment.
You can survive without breathing.


Message History

Found a stone staircase leading down.
There is a stone staircase leading down here.
You swap places.
An orc priest comes into view. It is wielding a club.
You swap places.
Your butterfly disappears in a puff of smoke!
There is a stone staircase leading down here.
Natasha hisses angrily.
Natasha wildly gestures.
Natasha shimmers violently.
Natasha casts a spell at you. The magic dart hits you!
There is a stone staircase leading up here.
You hit Natasha but do no damage. Natasha barely misses you.
You closely miss Natasha. Natasha claws you.
You closely miss Natasha. Natasha claws you.
You closely miss Natasha. Natasha claws you!
* * * LOW HITPOINT WARNING * * *
You closely miss Natasha. You closely miss Natasha. Natasha barely misses you.
Read which item? (? for menu, Esc to quit)
Okay, then.
Unknown command.
Unknown command.
You hit Natasha. Your punch misses Natasha.
Natasha is lightly wounded.
Natasha casts a spell.
You punch Natasha!
Natasha is severely wounded.
Natasha stares at you and mumbles some strange words.
The magic dart hits you!
* * * LOW HITPOINT WARNING * * *
You hit Natasha.
Natasha is almost dead.
The crimson imp hits you.
* * * LOW HITPOINT WARNING * * *
Natasha claws you!
* * * LOW HITPOINT WARNING * * *
The crimson imp barely misses you. Natasha claws you.
You die...

######.##
### #.# ..
##.# .#
#..# .####
#.## ....#
#.# .##.#
#.# .##.#
#h#
.##.#####
#@#
.........
#5#
.##.#####
#.# .##.#
#.# .##.#
#.#
.##.#######
#.#
...........
###
##.........
#.########


You could see Natasha and a crimson imp.

Vanquished Creatures
  Natasha (D:4)
  3 orc wizards (D:3)
  7 adders
  A worm (D:2)
  2 dart slugs (D:1)
  4 giant geckos
  9 orcs (D:3)
  9 bats
  4 giant cockroaches
  8 goblins
  10 hobgoblins
  A quokka (D:2)
  A ball python (D:1)
  5 giant newts
  4 kobolds
  10 rats
79 creatures vanquished.

Vanquished Creatures (others)
  An adder (D:2)
  A goblin (D:2)
  A hobgoblin (D:2)
  A ball python (D:2)
4 creatures vanquished.

Grand Total: 83 creatures vanquished

Notes
Turn   | Place    | Note
--------------------------------------------------------------
     0 | D:1      | Implojin the Mummy Monk began the quest for the Orb.
     0 | D:1      | Reached XP level 1. HP: 18/18 MP: 1/1
   613 | D:1      | Reached XP level 2. HP: 20/24 MP: 2/2
  1403 | D:1      | Reached skill level 4 in Unarmed Combat
  1655 | D:2      | Reached XP level 3. HP: 14/29 MP: 3/3
  2968 | D:2      | Reached XP level 4. HP: 32/35 MP: 4/4
  3266 | D:2      | Found a stormy altar of Qazlal.
  3956 | D:3      | Reached skill level 5 in Unarmed Combat
  4730 | D:3      | Reached XP level 5. HP: 32/41 MP: 5/5
  5027 | D:4      | Noticed Natasha
  5047 | D:4      | Killed Natasha
  5047 | D:4      | Reached skill level 4 in Fighting
  5114 | D:4      | Noticed Natasha
  5361 | D:3      | Found a radiant altar of Vehumet.
  5419 | D:3      | Reached skill level 3 in Dodging
  5996 | D:3      | Found a sparkling altar of Nemelex Xobeh.
  7186 | D:4      | HP: 2/42 [Natasha (7)]
  7187 | D:4      | Slain by Natasha

Skill      XL: |  1  2  3  4  5 |
---------------+----------------+-----
Unarmed Combat | 4 5 |  5.0
Fighting       | 4 |  4.1
Dodging        | 3 |  3.3
Stealth        | |  1.5

Action                   |  1- 3 |  4- 6 || total
-------------------------+-------+-------++-------
Melee: Unarmed           |   167 |   209 ||   376
       Punch             |       |     4 ||     4
  Use: Scroll            |     4 |     2 ||     6
 Stab: Sleeping          |     5 |     2 ||     7
Dodge: Dodged            |    90 |    91 ||   181

Table legend:
 A = Turns spent in this place as a percentage of turns spent in the entire game.
 B = Non-inter-level travel turns spent in this place as a percentage of non-inter-level travel turns spent in the entire game.
 C = Inter-level travel turns spent in this place as a percentage of turns spent in this place.
 D = Turns resting spent in this place as a percentage of non-inter-level travel turns spent in this place.
 E = Turns spent auto-exploring this place as a percentage of non-inter-level travel turns spent in this place.
 F = Non-inter-level travel turns spent in this place divided by the number of levels of this place that you've seen.
                   A       B       C       D       E      F
               +-------+-------+-------+-------+-------+----------------------
         Total | 100.0 | 100.0 |   0.6 |   5.8 |   4.6 | 443.5
       Dungeon | 100.0 | 100.0 |   0.6 |   5.8 |   4.6 | 443.5
               +-------+-------+-------+-------+-------+----------------------

Table legend:
 A = Kills in this place as a percentage of kills in entire the game.
 B = Kills by you in this place as a percentage of kills by you in the entire game.
 C = Kills by friends in this place as a percentage of kills by friends in the entire game.
 D = Other kills in this place as a percentage of other kills in the entire game.
 E = Experience gained in this place as a percentage of experience gained in the entire game.
 F = Experience gained in this place divided by the number of levels of this place that you have seen.
                   A       B       C       D       E      F
               +-------+-------+-------+-------+-------+----------------------
         Total | 100.0 | 100.0 |  -nan |  -nan | 100.0 |  94.5
       Dungeon | 100.0 | 100.0 |  -nan |  -nan | 100.0 |  94.5
               +-------+-------+-------+-------+-------+----------------------
